 Dungeon Crawl Stone Soup version 0.24.0-13-gcf9b319 (webtiles) character file.

Game seed: 4049290533915527820, levelgen mode: deterministic

427 Bronimir the Ruffian (level 6, -2/47 HPs)
             Began as a Draconian Transmuter on Apr 10, 2020.
             Slain by a hound (5 damage)
             ... on level 4 of the Dungeon.
             The game lasted 00:05:03 (3206 turns).

Bronimir the Ruffian (Draconian Transmuter)         Turns: 3206, Time: 00:05:05

Health: -2/47      AC:  2    Str: 14    XL:     6   Next: 65%
Magic:  0/10       EV: 21    Int: 18    God:
Gold:   134        SH:  0    Dex: 17    Spells: 5/11 levels left

rFire    . . .     SeeInvis .     - Unarmed
rCold    + . .     Gourm    .   (shield currently unavailable)
rNeg     . . .     Faith    .   (armour unavailable)
rPois    x         Spirit   .   (helmet currently unavailable)
rElec    .         Reflect  .   (cloak currently unavailable)
rCorr    .         Harm     .   (gloves currently unavailable)
MR       .....                  (boots currently unavailable)
Stlth    +.........             p - amulet of rage
HPRegen  0.15/turn              r - ring of protection from cold
MPRegen  0.12/turn              (no ring)

@: brilliant, spider-form, very slow
A: tiny, unfitting armour, AC +6
a: End Transformation, Evoke Berserk Rage


You were on level 4 of the Dungeon.
You were hungry.
You were a venomous arachnid creature.
You visited 1 branch of the dungeon, and saw 4 of its levels.

You collected 134 gold pieces.

Inventory:

Missiles
 a - 27 arrows
 b - 107 stones (quivered)
 s - 43 sling bullets
Jewellery
 g - an uncursed amulet of guardian spirit
 p - an amulet of rage (around neck)
 r - a ring of protection from cold (left front leg)
Wands
 l - a wand of acid (17)
 n - a wand of digging (5)
 y - a wand of random effects (20)
Scrolls
 d - 2 scrolls of remove curse {unknown}
 f - 2 scrolls of fog {unknown}
 h - a scroll of enchant armour {unknown}
 i - a scroll of teleportation {unknown}
 m - a scroll of identify {unknown}
 q - a scroll of noise {unknown}
Potions
 e - a potion of haste
 j - a potion of cancellation
 t - a potion of invisibility {unknown}
 u - 2 potions of agility {unknown}
 v - 2 potions of heal wounds {unknown}
 w - a potion of berserk rage {unknown}
Comestibles
 c - 12 rations
 x - 2 chunks of flesh


   Skills:
 + Level 1.4 Fighting
 * Level 3.0 Dodging
 * Level 5.2 Unarmed Combat
 * Level 3.1 Spellcasting
 * Level 3.7 Transmutations
 * Level 1.5 Evocations


You had 5 spell levels left.
You knew the following spells:

 Your Spells              Type           Power        Failure   Level  Hunger
a - Beastly Appendage     Tmut           ####..       1%          1    None
b - Sticks to Snakes      Tmut           ####....     1%          2    ##.....
c - Spider Form           Tmut/Pois      ###.......   5%          3    ###....

Your spell library contained the following spells:

 Spells                   Type           Power        Failure   Level  Hunger
 Ice Form                 Ice/Tmut       ###.....     14%         4    ####...
 Blade Hands              Tmut           ####......   17%         5    ######.


Dungeon Overview and Level Annotations

Branches:
Dungeon (4/15)
 Temple: D:4-7

Altars:
Kikubaaqudgha
Qazlal
Xom
The Shining One

Annotations:
D:2 Natasha


Innate Abilities, Weirdness & Mutations

((Your plain brown scales are hard. (AC +6)))
You cannot fit into any form of body armour.
((You are cold-blooded and may be slowed by cold attacks.))


Message History

You turn into a venomous arachnid creature.
You are feeling hungry.
The hound completely misses you.
The bullfrog skeleton closely misses you.
The leopard gecko skeleton barely misses you.
The phantom hits you!
* * * LOW HITPOINT WARNING * * *
The hound closely misses you. The hound bites you but does no damage.
The leopard gecko skeleton bites you but does no damage.
The leopard gecko skeleton misses you. The adder closely misses you.
The adder misses you.
You enter the shallow water.
Moving in this stuff is going to be slow.
The hound bites you.
* * * LOW HITPOINT WARNING * * *
The adder bites you.
* * * LOW HITPOINT WARNING * * *
The hound bites you.
You die...

...................≈≈≈≈≈.########
...................≈≈≈≈....<.....
...................≈≈≈≈..........
.....)............≈≈≈≈≈..........
..................≈≈≈≈≈..........
................Z.≈≈≈≈...........
...............ZW≈≈≈≈≈...........
...............Sh≈≈≈≈≈...........
..............88s≈≈≈≈88..........
.................................
.................................
..............88≈≈≈≈≈88..........
................≈≈≈≈.............
...............≈≈≈≈≈.............
...............≈≈≈≈≈.............
......<........≈≈≈≈..............
..............≈≈≈≈≈..............


You could see a phantom, a hound, an adder, a leopard gecko skeleton and a
bullfrog skeleton.

Vanquished Creatures
  2 ogres (D:4)
  Blork the orc (D:4)
  A howler monkey (D:4)
  Jessica (D:2)
  2 worker ants (D:4)
  3 adders
  An ooze (D:1)
  A worm (D:3)
  2 dart slugs
  3 leopard geckos
  An orc (D:4)
  5 bats (D:1)
  5 giant cockroaches
  6 goblins
  3 hobgoblins
  A quokka (D:2)
  7 frilled lizards
  8 kobolds
  A quokka skeleton (D:4)
  5 rats
59 creatures vanquished.

Vanquished Creatures (collateral kills)
  A worker ant (D:4)
1 creature vanquished.

Grand Total: 60 creatures vanquished

Notes
Turn   | Place    | Note
-------+----------+-------------------------------------------
     0 | D:1      | Bronimir the Draconian Transmuter began the quest for the
                  | Orb.
     0 | D:1      | Reached XP level 1. HP: 16/16 MP: 3/3
   116 | D:1      | Reached XP level 2. HP: 19/23 MP: 5/5
   292 | D:1      | Learned a level 2 spell: Sticks to Snakes
   772 | D:1      | Reached XP level 3. HP: 23/28 MP: 4/6
  1130 | D:2      | Reached skill level 4 in Unarmed Combat
  1149 | D:2      | Noticed Natasha
  1463 | D:2      | Found a shimmering altar of Xom.
  1463 | D:2      | Found a shimmering altar of Xom.
  1463 | D:2      | Found a shimmering altar of Xom.
  1464 | D:2      | Found a shimmering altar of Xom.
  1464 | D:2      | Found a shimmering altar of Xom.
  1465 | D:2      | Noticed Jessica
  1473 | D:2      | Learned a level 3 spell: Spider Form
  1488 | D:2      | Killed Jessica
  1509 | D:2      | Found a shimmering altar of Xom.
  1527 | D:2      | Reached XP level 4. HP: 22/35 MP: 4/7
  1688 | D:2      | Found a glowing golden altar of the Shining One.
  2186 | D:2      | Found a faded altar of an unknown god.
  2275 | D:2      | Found a stormy altar of Qazlal.
  2460 | D:3      | Found an ancient bone altar of Kikubaaqudgha.
  2678 | D:4      | Noticed Blork the orc
  2686 | D:4      | Killed Blork the orc
  2686 | D:4      | Reached XP level 5. HP: 40/40 MP: 4/8
  2823 | D:4      | Reached skill level 1 in Evocations
  2982 | D:4      | Noticed an ogre
  2990 | D:4      | Killed an ogre
  2990 | D:4      | Reached skill level 5 in Unarmed Combat
  2990 | D:4      | Reached XP level 6. HP: 35/47 MP: 0/10
  3206 | D:4      | Slain by a hound

Levels and vault maps discovered:
D:1:      shiori_shiawase, layout_loops_ring, moated_statue,
          minmay_tree_intersection
D:2:      layout_loops_ring, grunt_qazlal_clouds, xom_redecorated,
          nicolae_overflow_hidden_temple, chequers_ecumenical_altar_grove,
          serial_park_tiny_1, kennysheep_path_1, minmay_misc_feat_plants,
          uniq_natasha, uniq_jessica
D:3:      layout_basic, lemuel_crystal_altar, kiku_gazebo_pond_becter,
          first_ration
D:4:      wander_river, layout_layer_cave, uniq_blork_the_orc

Skill      XL: |  1  2  3  4  5  6 |
---------------+-------------------+-----
Dodging        | 2 3 |  3.0
Unarmed Combat | 4 5 |  5.2
Transmutations | 3 |  3.7
Evocations     | 1 |  1.5
Spellcasting   | 3 |  3.1
Fighting       | |  1.4

Action                   |  1- 3 |  4- 6 || total
-------------------------+-------+-------++-------
Melee: Unarmed           |   120 |    94 ||   214
       Tailslap          |    12 |     8 ||    20
       Punch             |     4 |       ||     4
       Kick              |     2 |     7 ||     9
       Headbutt          |       |     2 ||     2
 Cast: Beastly Appendage |     4 |     8 ||    12
       Spider Form       |     1 |     4 ||     5
       Sticks to Snakes  |     1 |     7 ||     8
  Use: Potion            |       |     3 ||     3
  Eat: Ration            |     1 |       ||     1
       Chunk             |       |     5 ||     5
Armor: Skin              |    42 |    23 ||    65
Dodge: Dodged            |    74 |    80 ||   154
